AoeStats
← 化劲省二

Fortress

507053178Analyzed
4v4 RM · 17d ago on Sep 16, 2026· 61m 16s· 8 players
Game mode
Random Map
Map size
Huge
Population
200
Speed
Normal
Resources
Standard
Victory
Conquest
Starting age
Dark Age
Ending age
Imperial Age
RankedLock teamsTeams togetherTeam positionsShared explorationLock speedFull tech treeHidden civsTurbo modeCheats
Victory
Defeat
🇨🇳 Jurchens · China
1142
+13
🇨🇳 Spanish · China
1062
+17
1031
+18
🇭🇰 Bengalis · Hong Kong SAR China
868
+25
🇺🇸 Dravidians · United States
1095
-19
🇬🇧 Lithuanians · United Kingdom
1091
-19
🇹🇼 Hindustanis · Taiwan
1075
-18
🇨🇳 Spanish · China
1034
-17
nicebro
8:13 Feudal Age
9:55 Horse Collar
12:17 Castle Age
10:18 Double-Bit Axe
10:52 Gold Mining
14:53 Scale Barding Armor
14:59 Forging
14:55 Stone Mining
20:29 Grand Trunk Road
23:04 Heavy Plow
23:17 Bow Saw
26:33 Imperial Age
24:52 Wheelbarrow
24:42 Bloodlines
26:06 Husbandry
26:58 Chain Barding Armor
27:14 Iron Casting
27:14 Hand Cart
26:44 Loom
26:45 Town Watch
28:08 Heavy Camel Rider
29:10 Conscription
29:58 Plate Barding Armor
30:56 Two-Man Saw
30:02 Caravan
30:48 Coinage
30:08 Imperial Camel Rider
32:36 Blast Furnace
Scott678
7:56 Feudal Age
12:00 Castle Age
10:24 Double-Bit Axe
10:40 Horse Collar
11:13 Loom
14:49 Bow Saw
19:09 Husbandry
21:15 Bloodlines
21:21 Fervor
21:34 Heavy Plow
23:00 Wheelbarrow
24:38 Ballistics
23:59 Treadmill Crane
25:08 Hand Cart
26:36 Scale Barding Armor
26:42 Forging
31:06 Imperial Age
29:36 Iron Casting
29:27 Masonry
29:31 Fortified Wall
29:55 Chain Barding Armor
30:26 Gold Mining
31:41 Caravan
32:33 Hill Forts
32:34 Stone Mining
33:34 Cavalier
34:52 Plate Barding Armor
34:45 Conscription
34:16 Elite Leitis
36:01 Paladin
36:35 Fletching
37:51 Block Printing
37:42 Pikeman
38:22 Squires
39:11 Arson
40:08 Scale Mail Armor
40:11 Halberdier
41:03 Tower Shields
43:00 Heresy
45:40 Chemistry
45:12 Architecture
45:50 Chain Mail Armor
49:07 Bombard Tower
49:04 Bodkin Arrow
51:31 Bracer
57:00 Elite Skirmisher
59:16 Padded Archer Armor
2878981277
7:13 Feudal Age
6:24 Loom
8:37 Double-Bit Axe
13:18 Castle Age
11:39 Horse Collar
12:51 Fletching
21:38 Bow Saw
21:34 Heavy Plow
30:08 Imperial Age
28:32 Gold Mining
28:34 Stone Mining
29:46 Caravan
30:02 Bloodlines
29:52 Husbandry
29:55 Padded Archer Armor
29:50 Bodkin Arrow
31:53 Two-Man Saw
31:17 Conscription
31:55 Wheelbarrow
32:09 Masonry
32:10 Fortified Wall
33:30 Supremacy
34:43 Stone Shaft Mining
34:29 Hand Cart
34:35 Leather Archer Armor
35:56 Ballistics
36:07 Architecture
36:38 Chemistry
36:32 Devotion
37:19 Ring Archer Armor
37:14 Elite Conquistador
38:13 Light Cavalry
39:19 Faith
39:23 Heresy
39:57 Scale Barding Armor
40:02 Forging
39:48 Bodkin Arrow
40:33 Hoardings
39:58 Hussar
41:36 Chain Barding Armor
42:06 Faith
44:46 Plate Barding Armor
44:47 Iron Casting
44:13 Bracer
54:00 Elite Skirmisher
55:42 Blast Furnace
ageoflowapm
7:36 Feudal Age
11:20 Castle Age
9:42 Double-Bit Axe
9:44 Horse Collar
14:58 Bow Saw
18:20 Wheelbarrow
20:49 Hand Cart
20:22 Loom
25:18 Imperial Age
22:35 Town Watch
23:30 Fletching
23:41 Padded Archer Armor
24:12 Bodkin Arrow
24:32 Gold Mining
25:42 Ballistics
25:46 Leather Archer Armor
26:08 Bracer
27:22 Chemistry
26:53 Conscription
26:51 Thumb Ring
27:39 Medical Corps
28:48 Ring Archer Armor
29:20 Two-Man Saw
28:22 Heavy Plow
28:36 Elite Elephant Archer
29:29 Scale Barding Armor
29:55 Caravan
31:14 Fortified Wall
31:47 Devotion
32:13 Masonry
32:07 Elite Skirmisher
33:59 Chain Barding Armor
33:50 Forging
33:48 Husbandry
35:32 Pikeman
36:13 Squires
36:15 Scale Mail Armor
36:51 Iron Casting
36:35 Murder Holes
36:50 Halberdier
40:25 Siege Elephant
41:53 Wootz Steel
41:49 Chain Mail Armor
42:02 Arson
43:20 Blast Furnace
44:25 Hoardings
45:52 Onager
53:05 Plate Mail Armor
57:29 Guard Tower
从不压堡之人
7:16 Feudal Age
10:37 Castle Age
9:19 Horse Collar
10:14 Double-Bit Axe
11:54 Bow Saw
13:16 Loom
19:13 Wheelbarrow
18:57 Heavy Plow
20:41 Hand Cart
20:57 Caravan
21:30 Stone Mining
26:30 Imperial Age
23:50 Town Watch
25:38 Fletching
25:54 Scale Barding Armor
26:16 Ballistics
26:29 Husbandry
26:40 Bloodlines
26:34 Inquisition
27:33 Guilds
27:47 Sanctity
27:42 Block Printing
28:07 Theocracy
27:57 Illumination
27:43 Fervor
27:47 Town Patrol
27:51 Bodkin Arrow
28:16 Chain Barding Armor
28:59 Chemistry
29:11 Two-Man Saw
28:36 Redemption
28:43 Arrowslits
28:55 Murder Holes
29:16 Bracer
29:51 Plate Barding Armor
30:14 Supremacy
30:14 Conscription
30:13 Padded Archer Armor
31:19 Bombard Tower
31:11 Fortified Wall
31:58 Leather Archer Armor
32:04 Masonry
31:44 Guard Tower
32:04 Masonry
31:44 Guard Tower
33:40 Architecture
33:52 Keep
36:00 Devotion
36:47 Light Cavalry
36:47 Cavalier
39:45 Thumb Ring
39:04 Paladin
39:04 Hussar
41:12 Capped Ram
42:28 Onager
42:30 Siege Ram
45:21 Atonement
45:43 Faith
46:24 Elite Conquistador
49:21 Sappers
50:27 Hoardings
51:56 Coinage
53:49 Banking
59:32 Ring Archer Armor
化劲省二
7:24 Feudal Age
8:53 Horse Collar
11:36 Castle Age
10:30 Double-Bit Axe
12:48 Loom
13:53 Wheelbarrow
13:29 Bow Saw
16:37 Gold Mining
18:57 Heavy Plow
21:24 Stone Mining
21:22 Town Watch
26:59 Scale Barding Armor
28:21 Gold Shaft Mining
28:03 Scale Mail Armor
27:40 Pikeman
29:16 Fortified Bastions
30:35 Hand Cart
30:34 Forging
30:30 Squires
31:06 Masonry
31:17 Bloodlines
32:24 Chain Barding Armor
32:21 Husbandry
35:15 Imperial Age
33:22 Town Patrol
34:01 Iron Casting
33:40 Fletching
33:51 Padded Archer Armor
34:28 Ballistics
34:28 Murder Holes
34:46 Fortified Wall
34:17 Treadmill Crane
34:28 Guard Tower
35:02 Ballistics
34:14 Elite Skirmisher
36:02 Bodkin Arrow
36:23 Leather Archer Armor
37:31 Chemistry
37:43 Blast Furnace
36:50 Bracer
37:38 Plate Barding Armor
38:07 Two-Man Saw
37:42 Crop Rotation
38:11 Ring Archer Armor
37:56 Chain Mail Armor
37:27 Light Cavalry
38:30 Caravan
38:41 Guilds
38:37 Halberdier
39:42 Conscription
40:38 Architecture
40:59 Stone Shaft Mining
39:50 Elite Iron Pagoda
42:52 Hoardings
41:49 Sappers
44:51 Thunderclap Bombs
45:58 Siege Engineers
46:04 Careening
48:30 Coinage
48:59 Capped Ram
52:01 Banking
53:31 Siege Ram
我怕你审判长?
7:45 Feudal Age
11:25 Castle Age
12:36 Double-Bit Axe
12:33 Horse Collar
19:59 Heavy Plow
19:50 Stone Mining
20:40 Bow Saw
22:37 Fletching
23:01 Treadmill Crane
23:42 Ballistics
23:05 Treadmill Crane
24:13 Fortified Wall
24:14 Gold Mining
24:25 Guard Tower
24:41 Yasama
26:18 Wheelbarrow
28:41 Imperial Age
27:07 Gold Shaft Mining
26:50 Bodkin Arrow
27:42 Town Watch
28:13 Hand Cart
27:43 Loom
28:22 Caravan
29:06 Forging
28:54 Murder Holes
29:30 Bracer
30:33 Chemistry
30:59 Iron Casting
30:26 Scale Mail Armor
31:33 Two-Man Saw
31:18 Keep
31:33 Town Patrol
33:02 Blast Furnace
31:49 Arrowslits
32:31 Conscription
31:34 Elite Samurai
34:03 Kataparuto
34:25 Chain Mail Armor
40:19 Plate Mail Armor
44:39 Padded Archer Armor
44:54 Pikeman
45:34 Squires
45:21 Gambesons
45:22 Arson
46:17 Masonry
46:13 Siege Engineers
45:52 Halberdier
53:15 Elite Skirmisher
54:25 Leather Archer Armor
54:30 Thumb Ring
56:17 Ring Archer Armor
夜清尘
7:00 Feudal Age
11:04 Castle Age
9:05 Horse Collar
9:43 Double-Bit Axe
12:27 Wheelbarrow
14:41 Loom
20:08 Loom
20:10 Town Watch
24:26 Caravan
28:54 Imperial Age
26:40 Hand Cart
27:54 Town Patrol
27:57 Heavy Plow
27:50 Gold Mining
27:56 Stone Mining
28:26 Scale Barding Armor
28:32 Forging
28:31 Paiks
28:33 Husbandry
28:44 Bloodlines
29:24 Bow Saw
31:15 Chain Barding Armor
31:30 Iron Casting
30:46 Fletching
30:39 Elite Battle Elephant
31:44 Conscription
31:45 Mahayana
31:14 Treadmill Crane
31:57 Ballistics
31:32 Murder Holes
32:38 Chemistry
32:19 Gold Shaft Mining
33:04 Plate Barding Armor
32:30 Padded Archer Armor
34:58 Masonry
36:25 Blast Furnace
35:22 Bodkin Arrow
39:54 Architecture
39:38 Fortified Wall
39:33 Elite Elephant Archer
41:37 Bracer
41:52 Leather Archer Armor
42:14 Devotion
Connection lost

Rejoining the realm…

Still unreachable

The connection could not be restored.

Session expired

The server has moved on; the page needs a fresh start.